 Dungeon Crawl Stone Soup version 0.29.1-2-gbd0b4ee654 (webtiles) character file.

Game seed: 16574952905425834354

55 safid the Shooter (level 3, 0/33 HPs)
             Began as a Minotaur Hunter on Oct 24, 2022.
             Slain by Pargi (2 damage)
             ... on level 3 of the Dungeon.
             The game lasted 00:02:13 (1554 turns).

safid the Shooter (Minotaur Hunter)                 Turns: 1554, Time: 00:02:13

Health: 0/33       AC:  3    Str: 15    XL:     3   Next: 67%
Magic:  0/2        EV: 12    Int:  6    God:
Gold:   112        SH:  0    Dex: 15    Spells: 2/2 levels left

rFire   . . .      SeeInvis .   a - +0 shortbow
rCold   . . .      Faith    .   (shield currently unavailable)
rNeg    . . .      Spirit   +   c - +0 leather armour
rPois   .          Reflect  .   (helmet restricted)
rElec   .          Harm     .   (no cloak)
rCorr   .          Rampage  .   (no gloves)
Will    .....                   (no boots)
Stlth   +.........              b - amulet of guardian spirit
HPRegen 0.11/turn               (no ring)
MPRegen 0.08/turn               (no ring)

@: brilliant
A: horns 2, retaliatory headbutt
a: no special abilities


You were on level 3 of the Dungeon.
You visited 1 branch of the dungeon, and saw 3 of its levels.

You collected 112 gold pieces.

Inventory:

Hand Weapons
 a - a +0 shortbow (weapon)
Missiles
 k - 6 javelins
Armour
 c - a +0 leather armour (worn)
Jewellery
 b - an amulet of guardian spirit (around neck)
Scrolls
 g - 4 scrolls of teleportation {unknown}
 i - a scroll of fog {unknown}
 j - 2 scrolls of identify {unknown}
 l - a scroll of torment {unknown}
Potions
 d - a potion of mutation {unknown}
 e - a potion of brilliance
 h - 2 potions of heal wounds {unknown}
 m - a potion of haste {unknown}


   Skills:
 + Level 3.9 Fighting
 + Level 5.2 Ranged Weapons
 - Level 2.1 Dodging
 - Level 0.7 Stealth


You had 2 spell levels left.
You didn't know any spells.
Your spell library contained the following spells:

 Spells                   Type           Power      Damage    Failure   Level
 Apportation              Tloc           0%         N/A       52%         1
 Ensorcelled Hibernation  Hex/Ice        0%         N/A       67%         2
 Passwall                 Tmut/Erth      0%         N/A       67%         2
 Swiftness                Air            0%         N/A       88%         3
 Alistair's Intoxication  Tmut/Pois      0%         N/A       100%        5


Dungeon Overview and Level Annotations

Branches:
Dungeon (3/15)

Altars:
Elyvilon

Shops:
D:1 (

Annotations:
D:3 Pargi


Innate Abilities, Weirdness & Mutations

You have a pair of horns on your head.
You reflexively headbutt those who attack you in melee.


Message History

You hear a shout!
You shoot an arrow. The arrow hits the kobold.
You kill the kobold!
No target in view!
No target in view!
No target in view!
Found a trident.
Found a stone staircase leading down.
A hobgoblin comes into view.
A hobgoblin is nearby!
You shoot an arrow.
The arrow hits the hobgoblin but does no damage.
Pargi the Meek comes into view.
You shoot an arrow. The arrow hits Pargi!
Pargi is lightly wounded.
Pargi bites you! Pargi completely misses you. Pargi misses you.
You shoot an arrow. The arrow closely misses Pargi.
Pargi barely misses you. Pargi misses you. Pargi claws you.
Pargi barely misses you. Pargi closely misses you. x2
You shoot an arrow. The arrow closely misses Pargi.
Pargi bites you but does no damage. Pargi closely misses you. Pargi claws you.
You shoot an arrow. The arrow barely misses Pargi.
Pargi closely misses you. Pargi misses you. Pargi barely misses you.
Pargi attacks as you move away! Pargi bites you. Pargi claws you. x2
Pargi attacks as you move away!
Pargi barely misses you. x2; Pargi claws you.
Pargi attacks as you move away! Pargi barely misses you.
You furiously retaliate!
You headbutt Pargi. Pargi claws you but does no damage.
Pargi barely misses you. Pargi attacks as you move away! Pargi bites you.
* * * LOW HITPOINT WARNING * * *
Pargi claws you.
* * * LOW HITPOINT WARNING * * *
Pargi claws you but does no damage.
There is a stone staircase leading up here.
It was a potion of brilliance.
You feel clever all of a sudden. Pargi bites you.
* * * LOW HITPOINT WARNING * * *
Pargi closely misses you. Pargi claws you.
You die...

####### ......# #######
......# #.....###
......#
####.###...#####....).#
.......@Tg.....)...$...
####..####.#####.......
## #...##.......#
###..........#
#.....#######
>....##...# #.##.
..#.... # ....######
.#..#


You could see Pargi and a hobgoblin.

Vanquished Creatures
  An adder (D:2)
  A worm (D:2)
  A dart slug (D:2)
  4 endoplasms
  A giant cockroach (D:1)
  3 goblins
  5 hobgoblins
  2 jackals (D:2)
  A quokka (D:2)
  4 ball pythons
  6 bats
  2 frilled lizards (D:2)
  3 kobolds
  6 rats
40 creatures vanquished.

Notes
Turn   | Place    | Note
-------+----------+-------------------------------------------
     0 | D:1      | safid the Minotaur Hunter began the quest for the Orb.
     0 | D:1      | Reached XP level 1. HP: 18/18 MP: 0/0
   122 | D:1      | Reached XP level 2. HP: 25/25 MP: 1/1
   336 | D:1      | Found a faded altar of an unknown god.
   411 | D:1      | Found Osesapn's Weapon Shop.
   906 | D:2      | Found a white marble altar of Elyvilon.
  1005 | D:2      | Reached skill level 5 in Ranged Weapons
  1005 | D:2      | Reached XP level 3. HP: 31/31 MP: 2/2
  1541 | D:3      | Noticed Pargi
  1554 | D:3      | Slain by Pargi

Illustrated notes

Levels and vault maps discovered:
D:1:      lightli_arrival_quake, layout_basic, ebering_ecumenical_altar_box,
          serial_shops, nicolae_shop_bloodbath_and_beyond,
          kennysheep_pointless_box, minmay_misc_feat_tiny, minivault_25
D:2:      layout_basic, basic_altar, hex_intersection, interstate_on_off
D:3:      layout_rooms, uniq_robin, uniq_natasha, uniq_pargi

Skill      XL: |  1  2 |
---------------+-------+-----
Fighting       | 3 |  3.9
Ranged Weapons | 5 |  5.2
Dodging        | |  2.1
Stealth        | |  0.7

Action                   || total
-------------------------++-------
 Fire: Shortbow          ||   102
  Use: Potion            ||     1
Armor: Leather armour    ||    14
Dodge: Dodged            ||    53
